 Dungeon Sprint DCSS version 0.27.1-33-g824d729ab1 (webtiles) character file.

Game seed: 9321250693551863554

731 Hipnos the Spear-Bearer (level 7, -2/69 HPs)
             Began as a White Draconian Fighter on Nov 30, 2021.
             Was a Follower of Okawaru.
             Slain by a red devil (13 damage)
             ... summoned by a kobold demonologist
             ... in the Dungeon (Sprint I: "Red Sonja").
             The game lasted 00:03:43 (928 turns).

Hipnos the Spear-Bearer (White Draconian Fighter)    Turns: 928, Time: 00:03:43

Health: -2/69      AC:  6    Str: 20    XL:     7   Next: 45%
Magic:  5/7        EV: 15    Int:  9    God:    Okawaru [*.....]
Gold:   418        SH: 12    Dex: 10    Spells: 6/6 levels left

rFire    . . .     SeeInvis .   a - +0 trident
rCold    + . .     Faith    .   b - +0 kite shield
rNeg     . . .     Spirit   .   (armour unavailable)
rPois    .         Reflect  .   (helmet restricted)
rElec    .         Harm     .   (no cloak)
rCorr    .         Rampage  .   (no gloves)
Will     .....     NoTele   +   (no boots)
Stlth    +++.......             (no amulet)
HPRegen  0.21/turn              (no ring)
MPRegen  0.10/turn              (no ring)

@: short of breath, heroic
A: breathe frost, AC +6, unfitting armour, cold resistance 1, cold-blooded
a: Breathe Frost, Renounce Religion, Heroism


You were in the Dungeon.
You worshipped Okawaru.
Okawaru was aware of your devotion.
You visited 1 branch You collected 418 gold pieces.

Inventory:

Hand Weapons
 a - a +0 trident (weapon)
Armour
 b - a +0 kite shield (worn)
Scrolls
 i - a scroll of blinking
Potions
 c - a potion of might
 d - a potion of curing
 f - a potion of haste
 g - 2 potions of magic


   Skills:
 + Level 8.6(13.6) Fighting
 * Level 10.7(15.7) Polearms
 + Level 7.2(12.2) Dodging
 - Level 0.7(5.7) Stealth
 + Level 7.8(12.8) Shields


You had 6 spell levels left.
You didn't know any spells.
Your spell library was empty.

Dungeon Overview and Level Annotations

Branches:
Dungeon (1/1)

Altars:
Cheibriados
Dithmenos
Elyvilon
Fedhas
Gozag
Hepliaklqana
Kikubaaqudgha
Makhleb
Nemelex Xobeh
Okawaru
Qazlal
Ru
Sif Muna
Trog
Uskayaw
Vehumet
Wu Jian
Xom
Yredelemnul
Zin
The Shining One
Jiyva
Lugonu

Shops:
D ?


Innate Abilities, Weirdness & Mutations

You can breathe waves of freezing cold which knock back foes.
Your icy white scales are hard. (AC +6)
You cannot fit into any form of body armour.
Your flesh is cold resistant. (rC+)
You are cold-blooded and may be slowed by cold attacks.


Message History

Press: ? - help, Dir - move target, f/p - kobold demonologist
Aim: a kobold demonologist, wielding a +0 dagger and wearing a +0 robe (lightly wounded, about 44% to evade your +0 trident)
The ynoxinul is in the way.
You closely miss the ynoxinul. You tail-slap the ynoxinul.
The ynoxinul is almost dead.
The crimson imp blinks!
The kobold demonologist casts a spell.
Reach: a) +0 trident
Press: ? - help, Dir - move target, f/p - kobold demonologist
Aim: a kobold demonologist, wielding a +0 dagger and wearing a +0 robe (lightly wounded, about 44% to evade your +0 trident)
The ynoxinul is in the way.
You hit the ynoxinul but do no damage.
The ynoxinul is almost dead.
The ynoxinul barely misses you. The iron imp hits you.
The kobold demonologist looks encouraged for a moment.
The kobold demonologist mumbles some strange words.
Reach: a) +0 trident
Press: ? - help, Dir - move target, f/p - kobold demonologist
Aim: a kobold demonologist, wielding a +0 dagger and wearing a +0 robe (lightly wounded, about 44% to evade your +0 trident)
You reach to attack!
You hit the kobold demonologist.
The kobold demonologist is lightly wounded.
The ynoxinul gestures.
The iron imp closely misses you.
The kobold demonologist looks satisfied for a moment.
Reach: a) +0 trident
Press: ? - help, Dir - move target, f/p - kobold demonologist
Aim: a kobold demonologist, wielding a +0 dagger and wearing a +0 robe (lightly wounded, about 44% to evade your +0 trident)
You reach to attack!
You closely miss the kobold demonologist.
The kobold demonologist is lightly wounded.
The crimson imp blinks!
The red devil misses you. The ynoxinul gestures at you. The iron shot hits you!
* * * LOW HITPOINT WARNING * * *
The ufetubus closely misses you. The ufetubus barely misses you.
The ufetubus misses you. The ufetubus closely misses you.
You gain the combat prowess of a mighty hero.
The ynoxinul disappears in a puff of smoke!
The ufetubus disappears in a puff of smoke! x4
The red devil hits you from afar with a +0 trident!
You die...

#####################
))..#..'..#__#5§@§K5#
.#..').#..5^.§.§#54§#
###'#####'#__####K5§+
##..#...#(#### ####
_####..##(#
____##'#_.+
.∩...÷..._#
..__##_.#'#
____###+#.#


You could see 2 kobold demonologists, a red devil (summoned), an iron imp
(summoned), a quasit (summoned), a crimson imp (summoned) and a white imp
(summoned).

Vanquished Creatures
  A slime creature (D)
  Sigmund (D)
  A yak (D)
  A floating eye (D)
  An ogre (D)
  A jelly (D)
  Ijyb (D)
7 creatures vanquished.

Notes
Turn   | Place    | Note
-------+----------+-------------------------------------------
     0 | D        | Hipnos the Draconian Fighter began the quest for the Orb.
     0 | D        | Reached XP level 1. HP: 19/19 MP: 1/1
     1 | D        | Noticed Ijyb
    14 | D        | Killed Ijyb
    15 | D        | Reached skill level 3 in Polearms
    15 | D        | Reached XP level 2. HP: 16/28 MP: 2/2
   145 | D        | Noticed an ogre
   150 | D        | Killed an ogre
   151 | D        | Reached skill level 5 in Fighting
   151 | D        | Reached skill level 5 in Polearms
   151 | D        | Reached skill level 5 in Shields
   151 | D        | Reached XP level 3. HP: 23/37 MP: 3/3
   151 | D        | Reached XP level 4. HP: 28/44 MP: 4/4
   334 | D        | Noticed Sigmund
   359 | D        | Killed Sigmund
   360 | D        | Reached skill level 7 in Polearms
   360 | D        | Reached XP level 5. HP: 23/52 MP: 5/5
   542 | D        | Found an ornate altar of the Wu Jian Council.
   542 | D        | Found a shimmering blue altar of Sif Muna.
   544 | D        | Found a radiant altar of Vehumet.
   549 | D        | Reached XP level 6. HP: 52/60 MP: 6/6
   588 | D        | Found Akeg's Magic Scroll Emporium.
   588 | D        | Found an ancient bone altar of Kikubaaqudgha.
   588 | D        | Found a hazy altar of Hepliaklqana.
   588 | D        | Found a stormy altar of Qazlal.
   588 | D        | Found a hide-covered altar of Uskayaw.
   588 | D        | Found a blossoming altar of Fedhas.
   588 | D        | Found a bloodstained altar of Trog.
   588 | D        | Found an iron altar of Okawaru.
   588 | D        | Found a basalt altar of Yredelemnul.
   588 | D        | Found a glowing golden altar of the Shining One.
   588 | D        | Found a snail-covered altar of Cheibriados.
   588 | D        | Found a sacrificial altar of Ru.
   588 | D        | Found a glowing silver altar of Zin.
   588 | D        | Found a shadowy altar of Dithmenos.
   588 | D        | Found a white marble altar of Elyvilon.
   588 | D        | Noticed a yak
   595 | D        | Killed a yak
   596 | D        | Reached skill level 9 in Polearms
   596 | D        | Found an opulent altar of Gozag.
   597 | D        | Found a sparkling altar of Nemelex Xobeh.
   603 | D        | Became a worshipper of Warmaster Okawaru
   692 | D        | Found a burning altar of Makhleb.
   692 | D        | Found a viscous altar of Jiyva.
   692 | D        | Found a shimmering altar of Xom.
   692 | D        | Found a corrupted altar of Lugonu.
   692 | D        | Noticed a slime creature
   704 | D        | Killed a slime creature
   705 | D        | Reached skill level 10 in Polearms
   705 | D        | Your scales start taking on an icy white colour.
   705 | D        | Reached XP level 7. HP: 32/69 MP: 7/7
   705 | D        | Gained mutation: Your flesh is cold resistant. (rC+) [White
                  | Draconian growth]
   906 | D        | Noticed a kobold demonologist
   906 | D        | Noticed a kobold demonologist
   908 | D        | Reached * piety under Okawaru
   909 | D        | Noticed a ynoxinul
   924 | D        | Noticed a red devil
   928 | D        | Slain by a red devil

Illustrated notes

Levels and vault maps discovered:
D:        dungeon_sprint_1 [red_sonja_temple_1, red_sonja_temple_small_1]

Skill      XL: |  1  2  3  4  5  6 |
---------------+-------------------+-----
Fighting       | 4 5 7 8 |  8.6
Polearms       | 3 5 7 10 | 10.7
Dodging        | 3 4 6 7 |  7.2
Shields        | 4 5 6 7 |  7.8
Stealth        | |  0.7

Action                   |  1- 3 |  4- 6 |  7- 9 || total
-------------------------+-------+-------+-------++-------
Melee: Trident           |    15 |    33 |    19 ||    67
       Tailslap          |       |     4 |     2 ||     6
Invok: Heroism           |       |       |     1 ||     1
 Abil: Breathe Frost     |       |       |     1 ||     1
  Use: Potion            |     1 |     1 |       ||     2
Armor: Skin              |     2 |     3 |     2 ||     7
Dodge: Dodged            |     4 |     8 |    14 ||    26
Block: Kite shield       |     7 |    12 |     7 ||    26
